 Dungeon Crawl Stone Soup version 0.17-a0-2069-g0f4ee5b (console) character file.

38 endege the Sneak (level 3, -3/24 HPs)
             Began as a Halfling Assassin on Oct 13, 2015.
             Slain by an iguana (11 damage)
             ... on level 2 of the Dungeon.
             The game lasted 00:13:10 (1633 turns).

endege the Sneak (Halfling Assassin)                Turns: 1633, Time: 00:13:10

Health: -3/24      AC:  5    Str: 12    XL:     3   Next: 65%
Magic:  3/3        EV: 13    Int: 10    God:
Gold:   62         SH:  4    Dex: 15    Spells: 0 memorised, 2 levels left

rFire  . . .     SeeInvis .     a - +3 dagger
rCold  . . .     Clarity  .     q - +0 leather armour
rNeg   . . .     SustAt   .     m - +0 buckler
rPois  .         Gourm    .     (no helmet)
rElec  .         Spirit   .     d - +1 cloak
rCorr  .         Warding  .     (no gloves)
rMut   .         Stasis   .     (no boots)
MR     .....                    (no amulet)
Stlth  +++.......               (no ring)
                                (no ring)

@: not resistant to hostile enchantments, fairly stealthy
A: mutation resistance 1
a: no special abilities


You were on level 2 of the Dungeon.
You were not hungry.

You visited 1 branch of the dungeon, and saw 3 of its levels.

You collected 62 gold pieces.

Inventory:

Hand Weapons
 a - a +3 dagger (weapon)
 b - a +0 blowgun
 k - a +0 long sword
 l - a +0 short sword
 p - a +0 short sword
 r - a +0 short sword
 z - a +0 dagger
Missiles
 e - 8 poisoned needles
 f - 2 curare-tipped needles
 h - 16 bolts of frost
 y - 30 arrows
Armour
 c - a +0 robe
 d - a +1 cloak (worn)
 m - a +0 buckler (worn)
 n - a +0 robe
 q - a +0 leather armour (worn)
 v - a +0 robe
Scrolls
 w - 2 scrolls of identify
Potions
 s - a potion of curing
 u - 2 potions of cancellation {unknown}
Books
 x - a book of Spatial Translocations

   Spells                             Type                      Level
   a - Apportation                    Translocation                1
   b - Blink                          Translocation                2
   c - Shroud of Golubria             Charms/Translocation         2
   d - Portal Projectile              Translocation                3
   e - Teleport Other                 Translocation                3
   f - Passage of Golubria            Translocation                4
Comestibles
 g - 3 bread rations
 i - a meat ration
 j - a beef jerky
 o - 2 slices of pizza
 t - 8 fruits


   Skills:
 + Level 1.7 Fighting
 + Level 3.0 Short Blades
 + Level 2.1 Throwing
 + Level 0.2 Armour
 + Level 1.4 Dodging
 + Level 5.5 Stealth


You had 2 spell levels left.
You didn't know any spells.

Dungeon Overview and Level Annotations

Branches:
Dungeon (3/15)

Altars:
Dithmenos
Xom


Innate Abilities, Weirdness & Mutations

You are small and have problems with some larger weapons.
You are somewhat resistant to further mutation.


Message History

The iguana bites you.
You barely miss the iguana.
The iguana is moderately wounded.
The iguana bites you.
You barely miss the iguana.
The iguana is moderately wounded.
The iguana bites you!
* * * LOW HITPOINT WARNING * * *
There is a stone staircase leading up here.
You block the iguana's attack.
You climb upwards.
There is a stone staircase leading down here.
An iguana is nearby!
You open the door. The iguana completely misses you.
There is an open door here.
There is an open door here.
The iguana hisses menacingly.
You open the door. You block the iguana's attack. The iguana bites you!
You die...

.......# #.##...........#.....##
.......# #...................###
.##############.....###..#.#..# #
...........#.........##..#.#..###
...........#.........##..#.#...##
...........#.........##....#.#.##
...........#...#.#####.......#.##
...........#...#.# #########.##
...........#...#@#####<......#.##
.................l..########.#..#
....................#####....##.#
.............................##..
..######............#####...####.
..# #............##......# #. ..#
####.........##....####### ..#
#...........##........### ..#
#...........##...........


You could see an iguana.

Vanquished Creatures
  An ooze (D:2)
  7 goblins
  2 hobgoblins (D:1)
  7 jackals
  2 kobolds (D:1)
  A quokka (D:2)
  A ball python (D:2)
  5 bats
  A giant cockroach (D:2)
  3 giant newts (D:2)
  A rat (D:2)
31 creatures vanquished.

Notes
Turn   | Place    | Note
--------------------------------------------------------------
     0 | D:1      | endege the Halfling Assassin began the quest for the Orb.
     0 | D:1      | Reached XP level 1. HP: 14/14 MP: 1/1
   239 | D:1      | Reached XP level 2. HP: 19/19 MP: 2/2
   322 | D:1      | Reached skill level 5 in Stealth
   859 | D:2      | Reached XP level 3. HP: 24/24 MP: 3/3
  1418 | D:2      | Found a shadowy altar of Dithmenos.
  1420 | D:2      | Found a shimmering altar of Xom.
  1633 | D:2      | Slain by an iguana

Vault maps used:
D:1:      scummos_arrival_gate
D:2:      nicolae_overflow_hidden_temple, first_bread
D:3:      bloody_makhleb, uniq_iyjb

Action                   || total
-------------------------++-------
Melee: Dagger            ||   103
  Use: Scroll            ||     5
       Potion            ||     3
 Stab: Sleeping          ||    11
  Eat: Fruit             ||     1
       Chunk             ||     1
